 Dungeon Crawl Stone Soup version 0.29.1-13-g9f3cf754e1 (webtiles) character file.

Game seed: 8483664106511822504

2778 Klatu the Fighter (level 9, -22/76 HPs)
             Began as a Barachi Necromancer on Feb 9, 2023.
             Was an Elder of Cheibriados.
             Annihilated by a cyclops (25 damage)
             ... on level 7 of the Dungeon on Feb 10, 2023.
             The game lasted 01:15:19 (9338 turns).

Klatu the Fighter (Barachi Necromancer)             Turns: 9338, Time: 01:15:20

Health: -22/76     AC:  8    Str: 23    XL:     9   Next: 70%
Magic:  21/21      EV: 13    Int: 33    God:    Cheibriados [****..]
Gold:   175        SH:  0    Dex: 26    Spells: 20/24 levels left

rFire   + + .      SeeInvis +   d - staff of cold
rCold   + + +      Faith    .   (no shield)
rNeg    . . .      Spirit   .   i - +2 leather armour of Salvation {Str+4 Int+5 Dex+4 SInv}
rPois   +          Reflect  .   (no helmet)
rElec   +          Harm     .   u - scarf {rC+ rF+}
rCorr   +          Rampage  .   g - +1 pair of gloves
Will    .....                   a - +0 pair of boots
Stlth   ++........              (no amulet)
HPRegen 0.22/turn               (no ring)
MPRegen 0.17/turn               (no ring)

@: resistant, unable to hop, very slow
A: amphibious, slowness 1, strong legs 1, +LOS
a: Hop, Renounce Religion, Bend Time, Temporal Distortion, Slouch


You were on level 7 of the Dungeon.
You worshipped Cheibriados.
Cheibriados was greatly pleased with you.
You visited 1 branch of the dungeon, and saw 7 of its levels.

You collected 281 gold pieces.
You spent 106 gold pieces at shops.

Inventory:

Hand Weapons
 p - a +1 mace
Missiles
 e - 56 stones
 k - 8 poisoned darts
Armour
 a - a +0 pair of boots (worn)
 g - a +1 pair of gloves (worn)
 i - the +2 leather armour of Salvation (worn) {Str+4 Int+5 Dex+4 SInv}
   (You found it on level 4 of the Dungeon)

   Str:       It affects your strength (+4).
   Int:       It affects your intelligence (+5).
   Dex:       It affects your dexterity (+4).
   SInv:      It lets you see invisible.
 u - a scarf of resistance (worn)
Magical Staves
 d - a staff of cold (weapon)
Wands
 m - a wand of paralysis (2)
 q - a wand of flame (2)
Scrolls
 f - a scroll of silence
 j - a scroll of teleportation
 o - 2 scrolls of identify
Potions
 b - 2 potions of magic
 c - a potion of berserk rage
 h - a potion of heal wounds {unknown}
 l - 2 potions of curing
 s - a potion of mutation {unknown}


   Skills:
 + Level 9.2 Fighting
 * Level 4.5 Staves
 - Level 2.1 Dodging
 - Level 1.7 Stealth
 + Level 8.1 Spellcasting
 - Level 5.0 Necromancy
 + Level 3.3 Ice Magic
 - Level 2.0 Invocations


You had 20 spell levels left.
You knew the following spells:

 Your Spells              Type           Power      Damage    Failure   Level
a - Necrotise             Necr           100%       1d9       1%          1
b - Vampiric Draining     Necr           46%        2d9       1%          3

Your spell library contained the following spells:

 Spells                   Type           Power      Damage    Failure   Level
 Ozocubu's Armour         Ice            52%        N/A       3%          3
 Animate Dead             Necr           46%        N/A       4%          4
 Scorch                   Fire           26%        2d6       6%          2
 Dazzling Flash           Conj/Hex       26%        N/A       12%         3
 Agony                    Necr           46%        N/A       14%         5
 Flame Wave               Conj/Fire      13%        2d6       36%         4
 Silence                  Hex/Air        6%         N/A       73%         5
 Summon Cactus Giant      Summ           6%         N/A       99%         6
 Ozocubu's Refrigeration  Ice            26%        4d13      100%        7


Dungeon Overview and Level Annotations

Branches:
Dungeon (7/15)
 Temple: D:4-7

Altars:
Cheibriados
Wu Jian

Shops:
D:4 **

Annotations:
D:3 Grinder
D:4 exclusion: black bear, Sigmund
D:5 Edmund
D:7 exclusions: killer bee, ugly thing and water moccasin


Innate Abilities, Weirdness & Mutations

You are amphibious.
You cover ground slowly.
You can hop short distances.
You have an extended range of vision and can be seen from far away.


Message History

The killer bee stings you.
* * * LOW HITPOINT WARNING * * *
You are too injured to fight recklessly!
You are too injured to fight recklessly!
You are too injured to fight recklessly!
You closely miss the killer bee. The killer bee completely misses you.
The killer bee barely misses you.
Okay, then.
The killer bee attacks as you move away!
The killer bee stings you.
* * * LOW HITPOINT WARNING * * *
The killer bee stings you!
* * * LOW HITPOINT WARNING * * *
The killer bee stings you.
* * * LOW HITPOINT WARNING * * *
The killer bee completely misses you.
Okay, then.
Okay, then.
Okay, then.
Okay, then.
Okay, then.
Okay, then.
Hit: d) staff of cold
Press: ? - help, Dir - move target, f - killer bee
Aim: a killer bee (about 47% to evade your staff of cold)
Okay, then.
Aiming: Paralyse
Press: ? - help, Shift-Dir - straight line, f - cyclops
Aim: a cyclops, quivering large rocks (chance to affect: 31%)
The cyclops easily resists.
The killer bee misses you. The killer bee barely misses you.
Hit: d) staff of cold
Press: ? - help, Dir - move target, f/p - cyclops
Aim: a cyclops, quivering large rocks (about 10% to evade your staff of cold)
Okay, then.
Aiming: Paralyse
Press: ? - help, Shift-Dir - straight line, f/p - cyclops
Aim: a cyclops, quivering large rocks (chance to affect: 31%)
The cyclops easily resists.
The killer bee misses you. The cyclops hits you!!
You die...

.u......#####.##.........#
.........##...#........†.#####
#.......###.............##...##
..........#.#.y...............#
............##...............##
.##.........###...............#
.#........#..####............##
.............###y...........##
..............##@[..........#
.##............C.<.........## .
#.......>.......[>.#[....#
...................###.....#
..........<....##..##.....##
#..##.........##...##...### ...
#..........#...######
#..............##..#
.......>....######


You could see a cyclops and a killer bee.

Vanquished Creatures
  A shadow (D:5)
  A steam dragon (D:6)
  A water moccasin (D:5)
  2 orc warriors (D:7)
  4 ice beasts
  3 ogres
  2 phantoms (D:5)
  3 bullfrogs (D:6)
  4 scorpions (D:5)
  A gnoll sergeant (D:6)
  A howler monkey (D:4)
  5 jellies
  2 hounds
  2 orc priests
  A gnoll bouda (D:5)
  4 iguanas
  Natasha (twice) (D:2)
  5 orc wizards
  3 gnolls (D:6)
  9 adders
  2 shadow imps
  3 white imps
  3 ufetubi
  2 worms
  3 dart slugs
  8 orcs
  8 endoplasms
  3 giant cockroaches
  9 goblins
  5 hobgoblins
  7 jackals
  6 kobolds
  2 quokkas
  10 ball pythons
  4 bats
  3 frilled lizards
  5 rats
139 creatures vanquished.

Vanquished Creatures (collateral kills)
  A howler monkey (D:5)
  An iguana (D:7)
  2 jackals
  2 quokkas (D:2)
6 creatures vanquished.

Grand Total: 145 creatures vanquished

Notes
Turn   | Place    | Note
-------+----------+-------------------------------------------
     0 | D:1      | Klatu the Barachi Necromancer began the quest for the Orb.
     0 | D:1      | Reached XP level 1. HP: 13/13 MP: 3/3
   448 | D:1      | Reached XP level 2. HP: 19/19 MP: 0/5
  1053 | D:2      | Reached skill level 1 in Fighting
  1053 | D:2      | Reached XP level 3. HP: 26/26 MP: 3/6
  1180 | D:2      | Noticed Natasha
  1234 | D:3      | Learned a level 3 spell: Vampiric Draining
  1560 | D:2      | Found an ornate altar of the Wu Jian Council.
  1886 | D:2      | Reached XP level 4. HP: 33/33 MP: 5/8
  2083 | D:2      | Found a faded altar of an unknown god.
  2086 | D:2      | Prayed at the altar of an unknown god.
  2086 | D:2      | Became a worshipper of Cheibriados the Contemplative
  2086 | D:2      | Reached * piety under Cheibriados
  2091 | D:2      | Killed Natasha
  2092 | D:2      | Reached skill level 2 in Fighting
  2192 | D:2      | Noticed Natasha
  2201 | D:2      | Killed Natasha
  2415 | D:3      | Noticed Grinder
  2462 | D:3      | Reached XP level 5. HP: 8/39 MP: 1/10
  3043 | D:3      | Reached skill level 3 in Fighting
  3487 | D:4      | Reached ** piety under Cheibriados
  3497 | D:4      | Identified the +2 leather armour of Salvation {Str+4 Int+5
                  | Dex+4 SInv}
  3505 | D:4      | Reached skill level 5 in Necromancy
  3521 | D:4      | Reached XP level 6. HP: 46/47 MP: 7/11
  3742 | D:4      | Noticed Sigmund
  3819 | D:4      | Noticed a black bear
  4076 | D:4      | Reached skill level 4 in Fighting
  4076 | D:4      | Reached skill level 1 in Invocations
  4338 | D:4      | Found Sonelec's Overcharged Wands.
  4362 | D:4      | Reached XP level 7. HP: 16/55 MP: 4/13
  5020 | D:4      | Found Soofru Coxt's Assorted Antiques.
  5025 | D:4      | Bought a fuming orange potion for 21 gold pieces
  5025 | D:4      | Bought a metallic pink potion for 21 gold pieces
  5025 | D:4      | Bought a viscous emerald potion for 21 gold pieces
  5025 | D:4      | Bought 2 pink potions for 43 gold pieces
  5173 | D:5      | Entered Level 5 of the Dungeon
  5185 | D:5      | Reached skill level 5 in Fighting
  5486 | D:5      | Noticed Edmund
  5547 | D:5      | Noticed a steam dragon
  5644 | D:5      | Reached skill level 5 in Spellcasting
  6115 | D:5      | Reached *** piety under Cheibriados
  6398 | D:5      | Reached skill level 6 in Fighting
  6400 | D:5      | Reached XP level 8. HP: 57/64 MP: 13/16
  6416 | D:5      | Noticed a shadow
  6436 | D:5      | Killed a shadow
  6437 | D:5      | Reached skill level 7 in Fighting
  6457 | D:5      | Reached skill level 8 in Fighting
  6786 | D:5      | Reached XP level 9. HP: 75/75 MP: 15/20
  7008 | D:6      | Reached skill level 1 in Staves
  7119 | D:6      | Reached skill level 1 in Ice Magic
  8578 | D:7      | Reached skill level 9 in Fighting
  8810 | D:7      | Noticed a cyan ugly thing
  9129 | D:7      | Reached **** piety under Cheibriados
  9174 | D:7      | Noticed a cyclops
  9336 | D:7      | HP: 2/76 [killer bee (2)]
  9338 | D:7      | Annihilated by a cyclops

Illustrated notes

Levels and vault maps discovered:
D:1:      nicolae_arrival_washed_ashore, layout_rooms, grunt_decor_arrowhead
D:2:      layout_basic, basic_altar, hellmonk_ecumenical_altar_inner_sanctum,
          skrybe_limestone_x, uniq_natasha
D:3:      layout_loops_cross, uniq_grinder
D:4:      cheibrodos_helix_gallery, layout_basic, minmay_temple_entry_fiery,
          serial_shops, kennysheep_little_box, nicolae_shop_overcharged_wands,
          uniq_sigmund
D:5:      layout_gridville, nzn_random_ring, uniq_edmund
D:6:      layout_basic
D:7:      hangedman_cross_stitches, layout_cave_pools,
          lemuel_coloured_pillars_altar, minmay_manual_mess

Skill      XL: |  1  2  3  4  5  6  7  8  9 |
---------------+----------------------------+-----
Necromancy     | 4 5 |  5.0
Fighting       | 1 2 3 4 6 8 9 |  9.2
Spellcasting   | 3 4 5 7 8 |  8.1
Invocations    | 1 2 |  2.0
Staves         | 4 |  4.5
Ice Magic      | 3 |  3.3
Dodging        | |  2.1
Stealth        | |  1.7

Action                   |  1- 3 |  4- 6 |  7- 9 || total
-------------------------+-------+-------+-------++-------
Melee: Unarmed           |     3 |       |       ||     3
       Short sword       |    44 |     1 |       ||    45
       Dagger            |     2 |       |       ||     2
       Mace              |       |    11 |    58 ||    69
       Staff             |       |       |    97 ||    97
       Punch             |       |       |     2 ||     2
 Cast: Necrotise         |    61 |   101 |   173 ||   335
       Vampiric Draining |       |       |     2 ||     2
Invok: Bend Time         |       |     4 |     2 ||     6
 Abil: Hop               |     2 |     4 |     6 ||    12
Evoke: Wand              |       |       |     3 ||     3
  Use: Scroll            |     1 |     5 |     6 ||    12
       Potion            |       |     1 |     8 ||     9
 Stab: Sleeping          |     1 |       |       ||     1
       Distracted        |       |       |     1 ||     1
       Invisible         |       |       |     5 ||     5
Armor: Robe              |    13 |     6 |       ||    19
       Leather armour    |       |    14 |    95 ||   109
       Skin              |       |     1 |    12 ||    13
Dodge: Dodged            |    28 |    32 |   173 ||   233
